[Event "ICC tourney 2173 (45 10)"]
[Site "Internet Chess Club"]
[Date "2020.12.05"]
[Round "3"]
[White "chessorca"]
[Black "colinweitx"]
[Result "0-1"]
[ICCResult "White checkmated"]
[WhiteElo "1339"]
[BlackElo "1549"]
[Opening "Sicilian: accelerated fianchetto, modern variation"]
[ECO "B34"]
[NIC "SI.33"]
[Time "18:02:09"]
[TimeControl "2700+10"]

1. e4 c5 2. Nf3 g6 3. d4 cxd4 4. Nxd4 Nc6 5. Nc3 Bg7 6. Be3 d6 7. Bc4 Nf6 8.
Qd2 O-O 9. O-O-O Nxd4 10. Bxd4 Bd7 11. h4 b5 12. Bxb5 Bxb5 13. Nxb5 Nxe4 14.
Qe3 Nf6 15. h5 Ng4 16. Qf4 Bh6 17. Qxh6 Nxh6 18. hxg6 fxg6 19. Rxh6 a6 20.
Nc3 Rb8 21. Rdh1 e5 22. Be3 Rb7 23. Ne4 Rff7 24. Bg5 Qb6 25. b3 Qd4 26. Nf6+
Kh8 27. Rxg6 Rf8 28. Rgh6 Rxf6 29. Bxf6+ Kg8 30. f3 Qf4+ 31. Kb2 Rc7 32. Bd8
Qd4+ 33. Kb1 Rd7 34. Bf6 Qd2 35. R6h2 Rf7 36. g4 Qf4 37. g5 Qf5 38. Rh3 Rc7
39. R1h2 Rxc2 40. Rxc2 Qxh3 41. Rd2 Qxf3 42. Rxd6 Qf5+ 43. Kc1 e4 44. Rc6 e3
45. Bc3 Qf1+ 46. Kb2 Qg2+ 47. Bd2 Qxd2+ 48. Rc2 Qd4+ 49. Kb1 e2 50. Rc8+ Kg7
51. Rc7+ Kg6 52. Re7 Qd1+ 53. Kb2 e1=Q 54. Rxe1 Qxe1 55. a4 Kxg5 56. Ka3 a5
57. Kb2 h5 58. Kc2 h4 59. Kd3 h3 60. Kc4 h2 61. Kd5 h1=B+ 62. Kc5 Qe4 63.
Kd6 Qf5 64. Kc7 Qe6 65. Kd8 Qf7 66. Kc8 Qe7 67. Kb8 Kf5 68. Kc8 Ke5 69. Kb8
Kd5 70. Ka8 Kc6 71. Kb8 Qc7+ 72. Ka8 Kb6# {White checkmated} 0-1

[Event "ICC tourney 2173 (45 10)"]
[Site "Internet Chess Club"]
[Date "2020.12.05"]
[Round "3"]
[White "nnrs"]
[Black "tedwpnw"]
[Result "0-1"]
[ICCResult "White checkmated"]
[WhiteElo "1543"]
[BlackElo "1247"]
[Opening "Sicilian defense"]
[ECO "B30"]
[NIC "SI.31"]
[Time "18:02:11"]
[TimeControl "2700+10"]

1. e4 c5 2. Nf3 Nc6 3. c3 d5 4. exd5 Qxd5 5. d4 e6 6. Be3 Nf6 7. Na3 Be7 8.
Nb5 Qd8 9. dxc5 O-O 10. Bd3 Nd5 11. Bd4 Nf4 12. Bf1 Re8 13. g3 e5 14. Bxe5
Ng6 15. Bd4 Bg4 16. Be2 Bxc5 17. O-O Bxd4 18. Nbxd4 Nxd4 19. cxd4 Qd5 20.
Kg2 Qh5 21. Re1 Re7 22. Ne5 Bxe2 23. Qxe2 Qxe2 24. Rxe2 f6 25. Nxg6 Rxe2 26.
Nf4 Rd2 27. d5 g5 28. Ne6 Rc8 29. b4 Rcc2 30. Kh3 Rxf2 31. Re1 Rxh2+ 32. Kg4
Rcf2 33. Nf4 gxf4 34. gxf4 h5+ 35. Kf5 Rh4 36. Kg6 Rg2+ 37. Kxf6 Rxf4+ 38.
Ke7 h4 39. d6 Rf7+ 40. Ke8 Rd2 41. Rg1+ Rg7 42. Rxg7+ Kxg7 43. d7 h3 44.
d8=Q Rxd8+ 45. Kxd8 h2 46. a4 h1=Q 47. b5 Qd5+ 48. Kc7 b6 49. Kb8 Qd7 50.
Ka8 Kf8 51. Kb8 Ke8 52. Ka8 Kd8 53. a5 bxa5 54. Kb8 a4 55. b6 axb6 56. Ka8
a3 57. Kb8 a2 58. Ka8 a1=R+ 59. Kb8 Qa7# {White checkmated} 0-1

[Event "ICC tourney 2173 (45 10)"]
[Site "Internet Chess Club"]
[Date "2020.12.05"]
[Round "3"]
[White "Paladin51"]
[Black "Liopleuradon15"]
[Result "1-0"]
[ICCResult "Black checkmated"]
[WhiteElo "1601"]
[BlackElo "1463"]
[Opening "King's Indian: East Indian defense"]
[ECO "A48"]
[NIC "QP.06"]
[Time "18:02:09"]
[TimeControl "2700+10"]

1. d4 Nf6 2. Nf3 g6 3. Nbd2 Bg7 4. e4 O-O 5. e5 Ne8 6. Bc4 d5 7. Bd3 f6 8.
O-O Nc6 9. Re1 fxe5 10. dxe5 Nb4 11. a3 Nxd3 12. cxd3 c5 13. d4 c4 14. h3 e6
15. Nf1 b5 16. N1h2 Bd7 17. Ng4 h5 18. Nh6+ Kh8 19. Qd2 Nc7 20. Qc2 Be8 21.
Bg5 Qd7 22. Nh4 Kh7 23. Qd2 a5 24. g4 Bxh6 25. Bxh6 Rg8 26. g5 Bf7 27. Re3
Ne8 28. Rf3 Ng7 29. Bxg7 Rxg7 30. Rf6 a4 31. Re1 Rf8 32. Re3 Rc8 33. Ref3
Rc7 34. Ng2 Qe8 35. Nf4 Rb7 36. Qc2 Qd7 37. Nxh5 Qc6 38. Nxg7 Kxg7 39. Qd2
Qe8 40. Qf4 Re7 41. Qh4 Rb7 42. Qh6+ Kg8 43. R3f4 Qf8 44. Rxg6+ Bxg6 45.
Rxf8# {Black checkmated} 1-0

[Event "ICC tourney 2173 (45 10)"]
[Site "Internet Chess Club"]
[Date "2020.12.05"]
[Round "3"]
[White "ArtGarcia"]
[Black "keshavarzip"]
[Result "1-0"]
[ICCResult "Black forfeits on time"]
[WhiteElo "1541"]
[BlackElo "1405"]
[Opening "Sicilian defense"]
[ECO "B20"]
[NIC "SI.48"]
[Time "18:02:13"]
[TimeControl "2700+10"]

1. e4 c5 2. Bc4 Nc6 3. d3 e5 4. Nf3 Nf6 5. O-O d5 6. exd5 Nxd5 7. Bb5 Bd6 8.
Bg5 Qc7 9. Re1 O-O 10. Nbd2 Bg4 11. Re4 Bf5 12. Re1 f6 13. Bh4 Kh8 14. h3
Nde7 15. Nc4 Ng6 16. Bg3 Be7 17. Ne3 Bd7 18. Nd5 Qd8 19. Nd2 a6 20. Ba4 Be6
21. Bxc6 Bxd5 22. Bxd5 Qxd5 23. Nc4 Bd8 24. Ne3 Qf7 25. c4 Ne7 26. Ng4 Nf5
27. Bh2 Qg6 28. Ne3 Nd4 29. Ng4 Bc7 30. Kh1 Rae8 31. Qa4 h5 32. Ne3 f5 33.
Qd7 Ba5 34. Red1 f4 35. Nd5 Bd8 36. Qxb7 Bh4 37. g3 f3 38. Ne3 Bg5 39. Nd5
Rb8 40. Qc7 Rfc8 41. Qxe5 Re8 42. Qc7 Rec8 43. Qa5 Rxb2 44. h4 Bxh4 45. Nf4
Qg4 46. Qxa6 Rcb8 47. Ng6+ Kh7 48. Nxh4 Rxf2 49. Rf1 Rbb2 50. Rxf2 Rxf2 51.
Re1 Ne2 52. Rb1 Nxg3+ 53. Kg1 Rxh2 54. Kxh2 Qxh4+ 55. Kg1 Qh1+ 56. Kf2 Qg2+
57. Ke3 Qe2+ 58. Kf4 {Black forfeits on time} 1-0

[Event "ICC tourney 2173 (45 10)"]
[Site "Internet Chess Club"]
[Date "2020.12.05"]
[Round "3"]
[White "ChalsparoV"]
[Black "jayrag"]
[Result "1-0"]
[ICCResult "Black checkmated"]
[WhiteElo "1581"]
[BlackElo "1421"]
[Opening "Queen's bishop game"]
[ECO "D02"]
[NIC "QP.08"]
[Time "18:02:11"]
[TimeControl "2700+10"]

1. d4 d5 2. Nf3 Nf6 3. Bf4 Bf5 4. e3 e6 5. Nbd2 Bd6 6. Bg3 Bg4 7. Be2 Nh5 8.
c4 Nxg3 9. hxg3 c6 10. Qb3 Qc7 11. c5 Be7 12. Bd3 Nd7 13. Nh2 Bh5 14. f4 g5
15. Nhf3 Bxf3 16. Nxf3 gxf4 17. gxf4 O-O-O 18. O-O-O h6 19. g4 Nf6 20. Ne5
Rdf8 21. Qc2 Kb8 22. Rd2 Nd7 23. Nxd7+ Qxd7 24. Rdh2 e5 25. Bf5 Qc7 26. dxe5
Qa5 27. Kb1 Bxc5 28. Qb3 Re8 29. Bd7 Re7 30. Bf5 f6 31. e6 Kc7 32. a3 b5 33.
Rc2 Bd6 34. Qxd5 Qb6 35. Rxc6+ Qxc6 36. Rc1 Qxc1+ 37. Kxc1 Rb8 38. Kb1 Rb6
39. Qa8 Rb8 40. Qxa7+ Kd8 41. Qd4 Kc7 42. Qd5 Ree8 43. Bd3 Rb6 44. Bxb5 Reb8
45. a4 Rd8 46. Qc4+ Kb8 47. Qd4 Bc7 48. Qxf6 Rd1+ 49. Ka2 Kb7 50. Qf5 Bd8
51. e7 Bxe7 52. Qe4+ Kb8 53. Qxe7 Rb7 54. Qf8+ Ka7 55. Qxh6 Rd2 56. g5 Rc7
57. Qa6+ Kb8 58. Qb6+ Rb7 59. Qf6 Rc7 60. g6 Rcc2 61. g7 Rxb2+ 62. Qxb2
Rxb2+ 63. Kxb2 Kc7 64. g8=Q Kb6 65. Kb3 Kc5 66. Qc4+ Kd6 67. Qc6+ Ke7 68.
Kc4 Kf7 69. Kd5 Kg7 70. Ke5 Kg8 71. Qd7 Kh8 72. Kf6 Kg8 73. Qg7#
{Black checkmated}
1-0

[Event "ICC tourney 2173 (45 10)"]
[Site "Internet Chess Club"]
[Date "2020.12.05"]
[Round "3"]
[White "Davide25"]
[Black "AbleCompany"]
[Result "1/2-1/2"]
[ICCResult "Game drawn by mutual agreement"]
[WhiteElo "1395"]
[BlackElo "1550"]
[Opening "QGD: Lasker defense, Teichmann variation"]
[ECO "D56"]
[NIC "QP.06"]
[Time "18:02:37"]
[TimeControl "2700+10"]

1. d4 Nf6 2. Nf3 d5 3. c4 e6 4. Bg5 Be7 5. e3 h6 6. Bh4 O-O 7. Nc3 Ne4 8.
Bxe7 Qxe7 9. Qc2 Nxc3 10. Qxc3 c6 11. Bd3 dxc4 12. Bxc4 Nd7 13. O-O b6 14.
Rac1 c5 15. Rfd1 Bb7 16. Be2 Rfc8 17. Qd2 Rd8 18. Qe1 Rac8 19. dxc5 Nxc5 20.
Rxd8+ Rxd8 21. b4 Nd3 22. Bxd3 Rxd3 23. Qe2 Ra3 24. Qb2 Rd3 25. Ne5 Rd8 26.
h3 Qg5 27. f4 Qg3 28. Qe2 Ba6 29. Qf3 Qh4 30. Rc7 Qe1+ 31. Kh2 Rd1 32. Qa8+
Kh7 33. Rxf7 Qg1+ 34. Kg3 Qe1+ 35. Kh2 Qg1+ 36. Kg3 Qe1+ 37. Kg4 Be2+ 38.
Nf3 Bxf3+ 39. Qxf3 Rd5 40. Qe4+ Kg8 {Game drawn by mutual agreement} 1/2-1/2

[Event "ICC tourney 2173 (45 10)"]
[Site "Internet Chess Club"]
[Date "2020.12.05"]
[Round "3"]
[White "ethansun188"]
[Black "ShanksGames"]
[Result "0-1"]
[ICCResult "White checkmated"]
[WhiteElo "1176"]
[BlackElo "1585"]
[Opening "French: advance, Milner-Barry gambit"]
[ECO "C02"]
[NIC "FR.03"]
[Time "18:02:11"]
[TimeControl "2700+10"]

1. e4 e6 2. d4 d5 3. e5 c5 4. c3 Nc6 5. Nf3 Qb6 6. Bd3 Bd7 7. Bc2 cxd4 8.
cxd4 Rc8 9. Nc3 Bb4 10. O-O Bxc3 11. bxc3 Na5 12. Rb1 Qc7 13. Bb2 Nc4 14.
Bd3 Nxb2 15. Rxb2 Bc6 16. Nd2 Ne7 17. f4 Bd7 18. Nb1 O-O 19. Kf2 f5 20. Ke3
a6 21. h3 b5 22. g4 Ng6 23. a3 Qd8 24. gxf5 exf5 25. Qh5 Qh4 26. Be2 Qxh5
27. Bxh5 Ne7 28. Bf3 Be6 29. Rg1 g6 30. h4 Kf7 31. h5 Rh8 32. h6 Nc6 33. Be2
Na5 34. Rd1 Rb8 35. Nd2 Rhc8 36. Rc1 Rc7 37. Nb3 Nc4+ 38. Bxc4 bxc4 39. Rcb1
cxb3 40. Rxb3 Rxb3 41. Rxb3 Bd7 42. Kd2 Bb5 43. Rb4 Rc4 44. Rb3 g5 45. fxg5
Kg6 46. Ke3 Kxg5 47. Kf3 Kxh6 48. Kf4 Kg6 49. Rb1 Rxc3 50. Rg1+ Kf7 51. Kxf5
Bd7+ 52. Kg5 Rxa3 53. Rh1 Rh3 54. Rf1+ Kg7 55. Rc1 Kf7 56. Rc7 Ke7 57. Ra7
Ra3 58. Kh6 a5 59. Kxh7 a4 60. Kg6 Rd3 61. Ra6 Rxd4 62. Kg5 Rg4+ 63. Kh5 Re4
64. Kg6 Rxe5 65. Kh6 Re6+ 66. Rxe6+ Bxe6 67. Kg5 a3 68. Kf4 a2 69. Ke3 a1=Q
70. Kd3 Qa3+ 71. Ke2 Bg4+ 72. Kd2 d4 73. Kc2 Qc3+ 74. Kb1 Qd2 75. Ka1 Kd6
76. Kb1 Kc5 77. Ka1 Kb4 78. Kb1 Kb3 79. Ka1 Qa2# {White checkmated} 0-1

[Event "ICC tourney 2173 (45 10)"]
[Site "Internet Chess Club"]
[Date "2020.12.05"]
[Round "4"]
[White "Liopleuradon15"]
[Black "SunnyCountry"]
[Result "1-0"]
[ICCResult "Black checkmated"]
[WhiteElo "1484"]
[BlackElo "1326"]
[Opening "QGD semi-Slav"]
[ECO "D43"]
[NIC "QP.06"]
[Time "20:33:03"]
[TimeControl "2700+10"]

1. Nf3 Nf6 2. d4 d5 3. c4 e6 4. Nc3 c6 5. a3 Nbd7 6. Bg5 Be7 7. e3 h6 8. Bh4
b6 9. Bd3 Bb7 10. O-O Rc8 11. cxd5 cxd5 12. Ne5 Nxe5 13. dxe5 Nd7 14. Bxe7
Qxe7 15. f4 Nc5 16. Bc2 O-O 17. f5 Qg5 18. Rf3 Qe7 19. f6 gxf6 20. exf6 Qd7
21. Rg3+ Kh8 22. Qh5 Rg8 23. Qxh6# {Black checkmated} 1-0

[Event "ICC tourney 2173 (45 10)"]
[Site "Internet Chess Club"]
[Date "2020.12.05"]
[Round "4"]
[White "hartej"]
[Black "Eagle2020"]
[Result "1/2-1/2"]
[ICCResult "Game drawn by mutual agreement"]
[WhiteElo "1510"]
[BlackElo "1505"]
[Opening "French: exchange variation"]
[ECO "C01"]
[NIC "FR.01"]
[Time "20:33:03"]
[TimeControl "2700+10"]

1. e4 e6 2. d4 d5 3. exd5 exd5 4. Nf3 Nf6 5. Bd3 Bg4 6. h3 Bh5 7. c3 Bd6 8.
O-O O-O 9. Bg5 c6 10. Nbd2 Bg6 11. Be2 Nbd7 12. a4 Re8 13. Re1 Qc7 14. a5 h6
15. Be3 Bf4 16. Bxf4 Qxf4 17. Nf1 Ne4 18. Qc1 Qxc1 19. Raxc1 Re6 20. Ng3
Nxg3 21. fxg3 Rae8 22. Bf1 Be4 23. Kf2 Bxf3 24. gxf3
{Game drawn by mutual agreement}
1/2-1/2

[Event "ICC tourney 2173 (45 10)"]
[Site "Internet Chess Club"]
[Date "2020.12.05"]
[Round "4"]
[White "akshajp"]
[Black "ElijahL2020"]
[Result "1-0"]
[ICCResult "Black checkmated"]
[WhiteElo "1415"]
[BlackElo "1299"]
[Opening "Queen's pawn game"]
[ECO "D00"]
[NIC "QP.07"]
[Time "20:33:04"]
[TimeControl "2700+10"]

1. d4 Nf6 2. Nc3 d5 3. a3 g6 4. Bf4 e6 5. f3 Bg7 6. Qd2 O-O 7. O-O-O c6 8.
h4 h5 9. e4 dxe4 10. Nxe4 Nd5 11. Bh6 Kh7 12. Bxg7 Kxg7 13. g4 Rh8 14. Bd3
b5 15. Nc3 Nxc3 16. Qxc3 a5 17. d5+ Kg8 18. dxc6 Qb6 19. Bxb5 Qc7 20. Qf6
Kh7 21. Nh3 Rg8 22. Ng5+ Kh6 23. Nxf7+ Kh7 24. gxh5 Rg7 25. hxg6+ Kg8 26.
Rd8+ Qxd8 27. Qxd8# {Black checkmated} 1-0

[Event "ICC tourney 2173 (45 10)"]
[Site "Internet Chess Club"]
[Date "2020.12.05"]
[Round "4"]
[White "ShanksGames"]
[Black "Leowang"]
[Result "1-0"]
[ICCResult "Black checkmated"]
[WhiteElo "1582"]
[BlackElo "1091"]
[Opening "Sicilian: closed"]
[ECO "B23"]
[NIC "SI.44"]
[Time "20:33:06"]
[TimeControl "2700+10"]

1. e4 c5 2. Nc3 e6 3. f4 d5 4. exd5 exd5 5. Bb5+ Nc6 6. d4 a6 7. Qe2+ Qe7 8.
Nxd5 Qxe2+ 9. Bxe2 Kd8 10. dxc5 Bxc5 11. Bd2 Be6 12. Nc3 Nf6 13. O-O-O Kc7
14. Nf3 Rad8 15. Ng5 Nd4 16. Nxe6+ Nxe6 17. Bc4 Rd7 18. Bxe6 fxe6 19. Rhe1
Re8 20. Ne4 Nxe4 21. Rxe4 Kb8 22. Bc3 Rxd1+ 23. Kxd1 g6 24. Ke2 b5 25. g4
Kc7 26. f5 Kd6 27. f6 Kd7 28. g5 Bf8 29. h4 Rc8 30. Kd3 Re8 31. Bb4 Kc6 32.
Bxf8 Rd8+ 33. Kc3 Rxf8 34. Rxe6+ Kb7 35. Re7+ Kb6 36. Rxh7 Rc8+ 37. Kd2 Rd8+
38. Kc1 Re8 39. b3 Re1+ 40. Kb2 a5 41. Rh6 Re4 42. Rxg6 Rxh4 43. f7+ Kc5 44.
f8=Q+ Kd4 45. Qd6+ Ke4 46. Re6+ Kf3 47. Qd3+ Kf2 48. Re2+ Kf1 49. Qd1#
{Black checkmated}
1-0

[Event "ICC tourney 2173 (45 10)"]
[Site "Internet Chess Club"]
[Date "2020.12.05"]
[Round "4"]
[White "aChessRookie"]
[Black "wildrumpus"]
[Result "1-0"]
[ICCResult "Black resigns"]
[WhiteElo "1230"]
[BlackElo "1507"]
[Opening "Caro-Kann: Bronstein-Larsen variation"]
[ECO "B16"]
[NIC "CK.07"]
[Time "20:33:24"]
[TimeControl "2700+10"]

1. e4 c6 2. d4 d5 3. Nc3 dxe4 4. Nxe4 Nf6 5. Nxf6+ gxf6 6. Nf3 Bg4 7. Be3 e6
8. Bc4 Bd6 9. Qe2 Qc7 10. h3 Bh5 11. O-O-O Nd7 12. d5 Ne5 13. dxe6 Nxc4 14.
Qxc4 O-O-O 15. Qb3 b6 16. g4 Bg6 17. Bd4 Be7 18. exf7 Qf4+ 19. Qe3 Qxe3+ 20.
fxe3 Bxf7 21. g5 Rd6 22. Bxf6 Rxd1+ 23. Rxd1 Bxf6 24. gxf6 Bh5 25. Rf1 Rf8
26. Nd4 c5 27. Ne6 Rf7 28. Ng5 Rf8 29. Nxh7 Rf7 30. Ng5 Rf8 31. f7 Kd7 32.
Kd2 Ke7 33. e4 Bxf7 34. Rxf7+ Rxf7 35. Nxf7 Kxf7 36. Ke3 a5 37. c4 Kf6 38.
Kf4 Ke6 39. h4 Kf6 40. h5 Kg7 41. Kg5 Kf7 42. h6 Kg8 43. Kg6 a4 44. e5 a3
45. b3 b5 46. e6 b4 47. e7 {Black resigns} 1-0

[Event "ICC tourney 2173 (45 10)"]
[Site "Internet Chess Club"]
[Date "2020.12.05"]
[Round "4"]
[White "colinweitx"]
[Black "trucker"]
[Result "0-1"]
[ICCResult "White resigns"]
[WhiteElo "1528"]
[BlackElo "1623"]
[Opening "Evans gambit"]
[ECO "C52"]
[NIC "IG.05"]
[Time "20:33:08"]
[TimeControl "2700+10"]

1. e4 e5 2. Nf3 Nc6 3. Bc4 Bc5 4. b4 Bxb4 5. c3 Ba5 6. d4 exd4 7. Qb3 Qf6 8.
O-O d6 9. Ba3 Nh6 10. e5 Nxe5 11. Re1 Kd8 12. Nxe5 dxe5 13. Qb5 Bb6 14. Nd2
Bf5 15. Nf3 Re8 16. cxd4 e4 17. Ne5 c6 18. Qb2 Kc7 19. Rad1 Rad8 20. Re3
Rxe5 21. dxe5 Rxd1+ 22. Bf1 Qd8 23. Bd6+ Kc8 24. Re2 e3 25. Qb3 exf2+ 26.
Rxf2 Bxf2+ 27. Kxf2 Qh4+ 28. g3 Qxh2+ 29. Bg2 Rd2+ 30. Ke3 Qxg2 31. Kf4 Qe4+
{White resigns}
0-1

[Event "ICC tourney 2173 (45 10)"]
[Site "Internet Chess Club"]
[Date "2020.12.05"]
[Round "4"]
[White "wuchenrex"]
[Black "chessorca"]
[Result "0-1"]
[ICCResult "White checkmated"]
[WhiteElo "1192"]
[BlackElo "1350"]
[Opening "Sicilian: closed, 2...Nc6"]
[ECO "B24"]
[NIC "SI.44"]
[Time "20:33:02"]
[TimeControl "2700+10"]

1. e4 c5 2. Nc3 Nc6 3. d3 g6 4. g3 Bg7 5. Bg2 e6 6. Be3 Nge7 7. a3 O-O 8. f4
b6 9. Nf3 d5 10. Bd2 d4 11. Ne2 f5 12. e5 Bb7 13. O-O Nd5 14. h3 Qc7 15. Nh2
Nce7 16. g4 Ne3 17. Bxe3 Bxg2 18. Kxg2 dxe3 19. g5 c4 20. Ng3 Rad8 21. d4
Nc6 22. c3 Qb7 23. Kg1 Qc7 24. Qe2 Na5 25. Qxe3 Nb3 26. Rab1 b5 27. Nf3 a5
28. h4 Qb6 29. Qe1 b4 30. axb4 axb4 31. Ne2 bxc3 32. bxc3 Rb8 33. Nd2 Qc6
34. Nxb3 cxb3 35. Rb2 Rfc8 36. Qd1 Qd5 37. Qd3 Bf8 38. Rbb1 b2 39. Qc2 Ba3
40. Kh2 Rb3 41. Kg3 Rbxc3+ 42. Nxc3 Qxd4 43. Rf3 Bb4 44. Rxb2 Bxc3 45. Rb3
Be1+ 46. Qf2 Bxf2+ 47. Rxf2 Rc3+ 48. Rxc3 Qxc3+ 49. Rf3 Qe1+ 50. Rf2 Qg1+
51. Kf3 Qg4+ 52. Ke3 Qg3+ 53. Rf3 Qe1+ 54. Kd4 Qe4+ 55. Kc5 Qxf3 56. Kd6
Qxf4 57. Kxe6 Qxh4 58. Kd7 Qe4 59. e6 f4 60. e7 f3 61. e8=Q+ Qxe8+ 62. Kxe8
f2 63. Ke7 f1=Q 64. Kd6 Qf4+ 65. Kd5 Qxg5+ 66. Ke4 h5 67. Kd4 h4 68. Ke4 h3
69. Kd4 h2 70. Ke4 h1=Q+ 71. Kd4 Qgd5+ 72. Ke3 Qe1+ 73. Kf4 Qf5#
{White checkmated}
0-1

[Event "ICC tourney 2173 (45 10)"]
[Site "Internet Chess Club"]
[Date "2020.12.05"]
[Round "4"]
[White "smartgoldfish"]
[Black "nnrs"]
[Result "0-1"]
[ICCResult "White checkmated"]
[WhiteElo "1178"]
[BlackElo "1564"]
[Opening "Sicilian defense"]
[ECO "B40"]
[NIC "SI.43"]
[Time "20:33:02"]
[TimeControl "2700+10"]

1. e4 c5 2. Nf3 e6 3. g3 Nc6 4. Bg2 Qc7 5. O-O Nf6 6. Re1 d5 7. exd5 Nxd5 8.
d3 Be7 9. Nbd2 O-O 10. Ne4 h6 11. Bd2 a6 12. c3 b6 13. Be3 Bb7 14. Rc1 e5
15. Qc2 f5 16. Ned2 f4 17. Nxe5 Nxe5 18. Bxf4 Nxf4 19. gxf4 Bxg2 20. fxe5
Qb7 21. Ne4 Bf3 22. Qb3+ Kh8 23. Qe6 Bh4 24. Qh3 Qe7 25. Rf1 Rad8 26. Rce1
Rxd3 27. Re3 Bxe4 28. Rxd3 Bxd3 29. Qxd3 Qg5+ 30. Kh1 Rxf2 31. Rg1 Qf4 32.
Qh3 Qe4+ 33. Rg2 Rf1# {White checkmated} 0-1

[Event "ICC tourney 2173 (45 10)"]
[Site "Internet Chess Club"]
[Date "2020.12.05"]
[Round "4"]
[White "tedwpnw"]
[Black "ChalsparoV"]
[Result "0-1"]
[ICCResult "White checkmated"]
[WhiteElo "1196"]
[BlackElo "1565"]
[Opening "Caro-Kann: Tartakower (Nimzovich) variation"]
[ECO "B15"]
[NIC "CK.06"]
[Time "20:33:07"]
[TimeControl "2700+10"]

1. e4 c6 2. d4 d5 3. Nc3 dxe4 4. Nxe4 Nf6 5. Nxf6+ exf6 6. Nf3 Bg4 7. Be3
Bd6 8. Be2 Nd7 9. O-O O-O 10. c4 Re8 11. c5 Bc7 12. b4 a6 13. a4 Nf8 14. b5
axb5 15. axb5 Qd5 16. b6 Rxa1 17. Qxa1 Bb8 18. Qc3 Qh5 19. h4 Ng6 20. Re1
Nxh4 21. Nxh4 Bxe2 22. g3 g5 23. Ng2 Bf3 24. Bd2 Rxe1+ 25. Bxe1 Bd5 26. Qe3
Kg7 27. f4 Qh3 28. Qf2 gxf4 29. gxf4 Bxf4 30. Kf1 Qh1+ 31. Qg1 Bxg2+ 32. Kf2
Be3+ 33. Kxe3 Qxg1+ 34. Bf2 Qc1+ 35. Ke2 Qc2+ 36. Ke3 Qe4+ 37. Kd2 Bf1 38.
Be3 Qd3+ 39. Kc1 Qxe3+ 40. Kb2 Qxd4+ 41. Kb1 Qd2 42. Ka1 h5 43. Kb1 Bc4 44.
Ka1 Qa2# {White checkmated} 0-1

[Event "ICC tourney 2173 (45 10)"]
[Site "Internet Chess Club"]
[Date "2020.12.05"]
[Round "4"]
[White "Mannansh"]
[Black "M6northrup"]
[Result "0-1"]
[ICCResult "White resigns"]
[WhiteElo "1253"]
[BlackElo "1625"]
[Opening "Scotch gambit"]
[ECO "C44"]
[NIC "SO.06"]
[Time "20:33:06"]
[TimeControl "2700+10"]

1. e4 e5 2. Nf3 Nc6 3. d4 exd4 4. Bc4 Bc5 5. c3 dxc3 6. Bxf7+ Kxf7 7. Qd5+
Ke8 8. Qh5+ Kf8 9. Qxc5+ d6 10. Qxc3 Nf6 11. O-O h6 12. Re1 Kf7 13. Bf4 Re8
14. e5 dxe5 15. Bxe5 Be6 16. Na3 Nd5 17. Qc5 Qe7 18. Qb5 a6 19. Qd3 Rad8 20.
Nd4 Nxd4 21. Qxd4 Nf6 22. Qf4 Kg8 23. Bxf6 Qxf6 24. Qxf6 gxf6 25. h3 Bd5 26.
b3 Re6 27. Rad1 Rxe1+ 28. Rxe1 Kf7 29. Nc4 Bxc4 30. bxc4 Rd2 31. Rb1 b6 32.
c5 b5 33. a4 c6 34. axb5 axb5 35. Rc1 b4 36. Kf1 b3 37. Rb1 b2 38. Ke1 Rc2
39. Kd1 Rxf2 40. g4 Ke6 41. Ke1 Rh2 42. Kd1 Kd5 43. Ke1 Kxc5 44. Kf1 Kd4 45.
Ke1 Kd3 46. Kf1 {White resigns} 0-1

[Event "ICC tourney 2173 (45 10)"]
[Site "Internet Chess Club"]
[Date "2020.12.05"]
[Round "4"]
[White "hi987"]
[Black "Hamlett144"]
[Result "1/2-1/2"]
[ICCResult "White stalemated"]
[WhiteElo "1595"]
[BlackElo "1527"]
[Opening "Owen defense"]
[ECO "B00"]
[NIC "VO.01"]
[Time "20:33:03"]
[TimeControl "2700+10"]

1. e4 b6 2. d4 Bb7 3. Nc3 e6 4. Nf3 Bb4 5. Bd3 Nf6 6. Qe2 d5 7. e5 Nfd7 8.
a3 Be7 9. Bf4 c5 10. Qd2 c4 11. Be2 Bc6 12. O-O h6 13. Ne1 g5 14. Be3 h5 15.
f4 g4 16. f5 Nxe5 17. dxe5 Nd7 18. fxe6 Nxe5 19. Bd4 Bg5 20. Qd1 f6 21. h3
gxh3 22. Bxh5+ Ke7 23. Bxe5 hxg2 24. Nxg2 d4 25. Bxd4 Qg8 26. Qg4 Rxh5 27.
Rf2 Rh1+ 28. Kxh1 Qh7+ 29. Kg1 Rh8 30. Rff1 Qh2+ 31. Kf2 Rh4 32. Rh1 Qxh1
33. Rxh1 Rxg4 34. Bxf6+ Bxf6 35. Ne3 Rf4+ 36. Kg3 Rf3+ 37. Kg4 Rxe3 38. Rh7+
Kxe6 39. Rxa7 Bxc3 40. bxc3 Rxc3 41. Ra6 Kd5 42. Rxb6 Rxa3 43. Kf4 Kc5 44.
Rb2 c3 45. Rb1 Ra2 46. Ke3 Kc4 47. Rb6 Bd5 48. Rb8 Rxc2 49. Rc8+ Kb3 50. Kd3
Rd2+ 51. Ke3 Bc4 52. Rb8+ Kc2 53. Rc8 Rd3+ 54. Ke4 Bd5+ 55. Kf4 Kd2 56. Rh8
c2 57. Rh2+ Kd1 58. Rh1+ Bxh1 59. Kg4 c1=Q 60. Kf5 Qe3 61. Kf6 Rd6+ 62. Kf7
Bd5+ 63. Kf8 Rd7 {White stalemated} 1/2-1/2

[Event "ICC tourney 2173 (45 10)"]
[Site "Internet Chess Club"]
[Date "2020.12.05"]
[Round "4"]
[White "Pathon"]
[Black "Davide25"]
[Result "0-1"]
[ICCResult "White checkmated"]
[WhiteElo "1471"]
[BlackElo "1396"]
[Opening "Caro-Kann: advance variation"]
[ECO "B12"]
[NIC "CK.04"]
[Time "20:33:24"]
[TimeControl "2700+10"]

1. e4 c6 2. d4 d5 3. e5 Bf5 4. Nf3 e6 5. Be2 c5 6. c3 Nc6 7. O-O h6 8. a3
Qb6 9. b4 cxd4 10. cxd4 Be4 11. Be3 Nge7 12. Nbd2 Bh7 13. Nb3 Nf5 14. Nc5
Bxc5 15. dxc5 Qc7 16. Bd4 Nfxd4 17. Nxd4 Qxe5 18. Nb5 O-O 19. Re1 Qf6 20.
Bd3 Bxd3 21. Qxd3 Ne5 22. Qg3 Nc4 23. Rac1 a6 24. Nd6 Nxd6 25. cxd6 Rac8 26.
Rc7 Rxc7 27. dxc7 Rc8 28. Qd6 Qc3 29. Qd8+ Kh7 30. Rb1 Qxc7 31. Qxc7 Rxc7
32. f3 d4 33. Rd1 e5 34. f4 f6 35. Kf2 Kg6 36. g3 Rc3 37. a4 Kf5 38. fxe5
fxe5 39. b5 axb5 40. axb5 Kg4 41. Re1 Rc2+ 42. Kg1 Rc5 43. b6 d3 44. Kf2
Rc2+ 45. Ke3 Rxh2 46. Kxd3 Kf5 47. g4+ Kf6 48. Kc4 Rh4 49. Kd5 Rxg4 50. Rxe5
Rb4 51. Re6+ Kf7 52. Rd6 Rb5+ 53. Kc4 Ke7 54. Rd3 Rxb6 55. Rg3 g5 56. Kd5
Rd6+ 57. Kc5 b6+ 58. Kc4 Ke6 59. Rh3 Kf5 60. Rf3+ Ke4 61. Rf1 g4 62. Rg1 Kf3
63. Rh1 g3 64. Rh3 Kf2 65. Rh5 g2 66. Rf5+ Ke1 67. Re5+ Kd1 68. Rb5 Ke2 69.
Re5+ Kf3 70. Re1 Kf2 71. Re8 g1=Q 72. Rf8+ Ke2 73. Re8+ Kf3 74. Rf8+ Ke4 75.
Re8+ Kf5 76. Rf8+ Rf6 77. Rd8 Qc1+ 78. Kb5 Qc5+ 79. Ka4 Rg6 80. Rd3 Rg4+ 81.
Kb3 Qc4+ 82. Kb2 Qxd3 83. Kc1 Rg1+ 84. Kb2 Rg2+ 85. Kc1 Qf1# {White
checkmated} 0-1

[Event "ICC tourney 2173 (45 10)"]
[Site "Internet Chess Club"]
[Date "2020.12.05"]
[Round "4"]
[White "jayrag"]
[Black "Paladin51"]
[Result "0-1"]
[ICCResult "White resigns"]
[WhiteElo "1419"]
[BlackElo "1599"]
[Opening "Dutch"]
[ECO "A80"]
[NIC "HD.12"]
[Time "20:33:06"]
[TimeControl "2700+10"]

1. d4 f5 2. Nf3 Nf6 3. g3 e6 4. Bg2 d5 5. Nbd2 Bd6 6. e3 O-O 7. b3 c5 8. Bb2
Nc6 9. O-O Qe7 10. c4 cxd4 11. Nxd4 e5 12. Nb5 e4 13. cxd5 Nb4 14. Nxd6 Qxd6
15. Ba3 a5 16. Nc4 Qxd5 17. Qe2 Qb5 18. Qd2 Be6 19. Nd6 Qb6 20. Nc4 Bxc4 21.
bxc4 Rfd8 22. Qb2 Qd6 23. Rab1 Qd2 24. Bxb4 Qxb2 25. Rxb2 axb4 26. Rxb4 Rxa2
27. Rxb7 Rdd2 28. Rb5 Ng4 29. Rxf5 Nxe3 30. Bxe4 Nxf5 31. Bxf5 g6 32. Be6+
Kg7 33. Bd5 g5 34. g4 Kf6 35. h3 Ra3 36. Kg2 Raa2 37. Kg3 Ra3+ 38. Kg2 h6
39. Kg1 Raa2 40. Kg2 Ke5 41. Re1+ Re2 42. Rxe2+ Rxe2 43. Kg3 Rd2 44. f3 Rd3
45. h4 Rc3 46. h5 Kd4 47. Kf2 Rc2+ 48. Ke1 Ke3 49. Kd1 Rb2 50. Kc1 Rd2 51.
Be4 Rd4 52. c5 Rc4+ 53. Kb2 Rxc5 54. Kb3 Rc1 55. Kb4 Rf1 56. Kc5 Rxf3 57.
Bf5 Kf4 58. Kd6 Re3 59. Kd7 Re5 60. Bg6 Kxg4 61. Kd6 Re1 62. Kd5 Kf4 63. Kd4
g4 64. Kd3 g3 65. Kd2 Re7 {White resigns} 0-1